 Dungeon Crawl Stone Soup version 0.21.0-3-g78d12a8 (webtiles) character file.

33 Charly the Vexing (level 3, 0/17 HPs)
             Began as a Vine Stalker Arcane Marksman on Jan 8, 2018.
             Slain by a leopard gecko (1 damage)
             ... on level 4 of the Dungeon.
             The game lasted 00:05:49 (587 turns).

Charly the Vexing (Vine Stalker Arcane Marksman)     Turns: 587, Time: 00:05:50

Health: 0/17       AC:  2    Str: 13    XL:     3   Next: 29%
Magic:  0/5        EV: 12    Int: 13    God:
Gold:   39         SH:  0    Dex: 14    Spells: 3/4 levels left

rFire    . . .     SeeInvis .     - Unarmed
rCold    . . .     Gourm    .   (no shield)
rNeg     . . .     Faith    .   a - +0 robe
rPois    .         Spirit   +   (no helmet)
rElec    .         Reflect  .   (no cloak)
rCorr    .         Harm     .   (no gloves)
MR       .....                  (no boots)
Stlth    +.........             (no amulet)
HPRegen  0.05/turn              (no ring)
MPRegen  0.09/turn              (no ring)

@: no status effects
A: fangs 2, magic shield, antimagic bite, no potion heal 3, rot immunity
a: no special abilities


You were on level 4 of the Dungeon.
You were full.

You visited 1 branch of the dungeon, and saw 4 of its levels.

You collected 39 gold pieces.

Inventory:

Missiles
 c - 4 javelins (quivered)
Armour
 a - a +0 robe (worn)
Scrolls
 d - a scroll of magic mapping {unknown}
 h - a scroll of fog {unknown}
 i - a scroll of teleportation {unknown}
 l - a scroll of identify {unknown}
 m - a scroll of immolation {unknown}
 n - a scroll of enchant weapon {unknown}
 o - a scroll of remove curse {unknown}
 p - a scroll of blinking {unknown}
Potions
 e - a potion of flight
Books
 b - a book of Debilitation

   Spells                             Type                      Level
   a - Corona                         Hexes                        1
   b - Slow                           Hexes                        2
   c - Inner Flame                    Hexes/Fire                   3
   d - Portal Projectile              Hexes/Translocation          3
   e - Cause Fear                     Hexes                        4
   f - Leda's Liquefaction            Hexes/Earth                  4
Comestibles
 f - 2 rations


   Skills:
 - Level 0.8 Fighting
 - Level 1.7 Throwing
 - Level 1.5 Dodging
 + Level 2.8 Unarmed Combat
 - Level 1.1 Spellcasting
 - Level 3.0 Hexes


You had 3 spell levels left.
You knew the following spells:

 Your Spells              Type           Power        Failure   Level  Hunger
a - Corona                Hex            #......      9%          1    ##.....


Dungeon Overview and Level Annotations

Branches:
Dungeon (4/15)
 Temple: D:4-7

Altars:
Hepliaklqana
Vehumet

Annotations:
D:2 Sigmund


Innate Abilities, Weirdness & Mutations

You have extremely sharp teeth.
When hurt, damage is shared between your health and your magic reserves.
Your bite disrupts and absorbs the magic of your enemies.
Potions cannot restore your health.
You are immune to rotting.


Message History

You are now empty-handed.
You completely miss the leopard gecko. The leopard gecko misses you.
Unknown command.
You closely miss the leopard gecko. The leopard gecko barely misses you.
Unknown command.
Unknown command.
You closely miss the leopard gecko. The leopard gecko bites you.
* * * LOW HITPOINT WARNING * * *
Unknown command.
Unknown command.
You barely miss the leopard gecko. The leopard gecko bites you.
The leopard gecko closely misses you.
Unknown command.
You barely miss the leopard gecko. Your bite misses the leopard gecko.
The leopard gecko closely misses you.
Unknown command.
Unknown command.
You hit the leopard gecko but do no damage.
The leopard gecko bites you.
You die...

#)#..##.###8...8
.........##.....
#.#..##..#_.....
#.#..##..##.....
#......####8...8
#.#..#.# ##8##
#....#.###########
##......†.........?
#........≈≈@≈≈.####
#........≈#l#≈.#
#.........+_+..#
###...#.#≈#+# ##
#.....#≈≈.
............
####.####.#.# #.#
.. #.#


You could see a leopard gecko.

Vanquished Creatures
  2 adders
  A leopard gecko (D:1)
  An orc (D:3)
  A bat (D:2)
  2 goblins (D:3)
  3 hobgoblins
  A frilled lizard (D:1)
  3 rats
14 creatures vanquished.

Notes
Turn   | Place    | Note
-------+----------+-------------------------------------------
     0 | D:1      | Charly the Vine Stalker Arcane Marksman began the quest for the Orb.
     0 | D:1      | Reached XP level 1. HP: 9/9 MP: 3/3
     2 | D:1      | Noticed a halfling
     6 | D:1      | Noticed a centaur
     6 | D:1      | Noticed a vine stalker
     8 | D:1      | Noticed an octopode
     8 | D:1      | Noticed a felid
    10 | D:1      | Noticed a demigod
    10 | D:1      | Noticed a ghoul
    12 | D:1      | Noticed a demonspawn
    12 | D:1      | Noticed a human
    14 | D:1      | Noticed a vampire
    14 | D:1      | Noticed an ogre
    16 | D:1      | Noticed a draconian
    18 | D:1      | Noticed a naga
    18 | D:1      | Noticed a merfolk
    20 | D:1      | Noticed a gargoyle
    20 | D:1      | Noticed an elf
    22 | D:1      | Noticed a troll
    22 | D:1      | Noticed a spriggan
    24 | D:1      | Noticed a dwarf
    24 | D:1      | Noticed a formicid
    26 | D:1      | Noticed a tengu
    26 | D:1      | Noticed a minotaur
   102 | D:1      | Reached skill level 1 in Unarmed Combat
   143 | D:2      | Noticed Sigmund
   265 | D:2      | Reached XP level 2. HP: 14/14 MP: 4/4
   444 | D:3      | Reached XP level 3. HP: 16/17 MP: 5/5
   519 | D:4      | Found a hazy altar of Hepliaklqana.
   578 | D:4      | Found a radiant altar of Vehumet.
   587 | D:4      | Slain by a leopard gecko

Skill      XL: |  1 |
---------------+----+-----
Unarmed Combat | 2 |  2.8
Fighting       | |  0.8
Throwing       | |  1.7
Dodging        | |  1.5
Spellcasting   | |  1.1
Hexes          | |  3.0

Action                   || total
-------------------------++-------
Melee: Unarmed           ||    36
       Bite              ||     3
Throw: Javelin           ||    14
       Throwing net      ||     4
  Use: Potion            ||     4
  Eat: Ration            ||     1
Armor: Robe              ||     2
       Skin              ||     8
Dodge: Dodged            ||    16
